 Dungeon Crawl Stone Soup version 0.29.0-4-gdea44cf6ec (webtiles) character file.

Game seed: 6638502701762992252

25 qw the Chopper (level 3, -8/21 HPs)
             Began as a Tengu Warper on Aug 28, 2022.
             Mangled by a worm (9 damage)
             ... on level 2 of the Dungeon.
             The game lasted 00:00:06 (1162 turns).

qw the Chopper (Tengu Warper)                       Turns: 1162, Time: 00:00:06

Health: -8/21      AC:  5    Str: 13    XL:     3   Next: 6%
Magic:  7/7        EV: 11    Int: 13    God:
Gold:   51         SH:  0    Dex: 13    Spells: 6/6 levels left

rFire   . . .      SeeInvis .   Y - +0 hand axe
rCold   . . .      Faith    .   (no shield)
rNeg    . . .      Spirit   .   a - +0 ring mail
rPois   .          Reflect  .   (helmet restricted)
rElec   .          Harm     .   (no cloak)
rCorr   .          Rampage  .   (no gloves)
Will    .....                   (boots unavailable)
Stlth   +.........              (no amulet)
HPRegen 0.07/turn               (no ring)
MPRegen 0.10/turn               (no ring)

@: lethally poisoned (-8 -> -10)
A: beak, talons 3
a: no special abilities


You were on level 2 of the Dungeon.
You visited 1 branch of the dungeon, and saw 2 of its levels.

You collected 51 gold pieces.


Innate Abilities, Weirdness & Mutations

You have a beak for a mouth.
You have claws for feet.


   Skills:
 - Level 2.0 Fighting
 + Level 3.8 Axes
 - Level 1.0 Throwing
 - Level 1.1 Armour
 - Level 2.1 Dodging
 - Level 2.0 Spellcasting
 - Level 2.4 Translocations


You had 6 spell levels left.
You didn't know any spells.
Your spell library contained the following spells:

 Spells                   Type           Power      Damage    Failure   Level
 Blink                    Tloc           14%        N/A       30%         2
 Gell's Gravitas          Tloc           7%         N/A       52%         3
 Lesser Beckoning         Tloc           7%         N/A       52%         3
 Teleport Other           Tloc           7%         N/A       52%         3
 Manifold Assault         Tloc           7%         N/A       99%         5

Inventory:

Hand Weapons
 i - a +3 mace
 Y - a +0 hand axe (weapon)
Missiles
 b - 3 boomerangs (quivered)
Armour
 a - a +0 ring mail (worn)
Potions
 e - a potion of heal wounds {unknown}
 f - a potion of ambrosia {unknown}
 h - a potion of attraction {unknown}

Dungeon Overview and Level Annotations

Branches:
Dungeon (2/15)

Altars:


Message History

Press: ? - help, Q - select action Shift-Dir - straight line, f - worm You throw a boomerang.
The boomerang hits the worm but does no damage.
A worm comes into view.
Found 8 gold pieces.
Found a stone staircase leading down.
Throw: 3 boomerangs
Press: ? - help, Q - select action Shift-Dir - straight line, f - worm You throw a boomerang.
The boomerang hits the worm.
The worm is moderately wounded.
Throw: 3 boomerangs
Press: ? - help, Q - select action Shift-Dir - straight line, f/p - worm You throw a boomerang.
The boomerang barely misses the worm.
An adder comes into view.
Found a puce potion.
The adder hisses angrily.
You barely miss the worm. You claw the worm.
The worm is moderately wounded.
The worm bites you but does no damage.
You hit the worm.
The worm is heavily wounded.
You barely miss the worm.
The worm is heavily wounded.
You closely miss the adder. The adder bites you.
You are poisoned.
The adder poisons you! The worm bites you.
You hit the worm but do no damage. You claw the worm!
The worm is almost dead.
You closely miss the adder.
You feel sick.
The adder barely misses you. x2; The worm bites you!
You hit the worm but do no damage. You claw the worm, but do no damage.
You peck the worm.
The worm is almost dead.
You hit the adder.
You feel sick. The adder barely misses you.
You hit the worm but do no damage.
The worm is almost dead.
You hit the adder. You barely miss the worm.
You feel sick. The adder bites you. The worm bites you!
You die...

*,,,* *,,,,,,,***** *,, *,,,*
*,,.#...#...## *,, **+**
**##....>...$## *,, **,*
#*#...........# **, *,**
#.#...........# ** **,*
*..........!..# * *,**
*#.#..........#** ##.##
#.....Sw...#,,,* #...##
#..,,#@##*****,* #.#..* #.#**#w.#
*,* * #....* ##.# #..# #.########
###..#####..####¤.######.........
.............¤¤................#*
..##......###¤¤.¤.#####.......#**
...<......# #.¤¤....###.......###
..####....# #.¤¤###..............
....##..%?# ##.###..#.........##.


You could see 2 worms and an adder.

Vanquished Creatures
  3 ball pythons (D:1)
  An endoplasm (D:1)
  2 giant cockroaches (D:1)
  6 hobgoblins (D:1)
  3 kobolds
  2 quokkas
  2 frilled lizards (D:1)
  4 rats
23 creatures vanquished.

Notes
Turn   | Place    | Note
-------+----------+-------------------------------------------
     0 | D:1      | qw the Tengu Warper began the quest for the Orb.
     0 | D:1      | Reached XP level 1. HP: 12/12 MP: 4/4
     0 | D:1      | 0 ||| qw: Version: 0.1-a-89-g26bdef1
     0 | D:1      | 0 ||| qw: Game counter: 1948
     0 | D:1      | 0 ||| qw: Always use a shield: true
     0 | D:1      | 0 ||| qw: God list: Okawaru
     0 | D:1      | 0 ||| qw: Allow faded altars: false
     0 | D:1      | 0 ||| qw: Do Orc after D:15 true
     0 | D:1      | 0 ||| qw: Do second Lair branch before Depths: true
     0 | D:1      | 0 ||| qw: Lair rune preference: random
     0 | D:1      | 0 ||| qw: Plans: Normal
     0 | D:1      | 0 ||| PLANNING D:1-11
   152 | D:1      | Reached XP level 2. HP: 17/17 MP: 6/6
   155 | D:1      | Reached skill level 3 in Axes
   167 | D:1      | 167 ||| Stepping ~*~*~tactically~*~*~ (stealth).
   178 | D:1      | 178 ||| Stepping ~*~*~tactically~*~*~ (stealth).
   184 | D:1      | 184 ||| Stepping ~*~*~tactically~*~*~ (stealth).
   189 | D:1      | 189 ||| Stepping ~*~*~tactically~*~*~ (stealth).
   225 | D:1      | You fall into a shaft and drop 1 floor!
   242 | D:2      | 242 ||| Stepping ~*~*~tactically~*~*~ (stealth).
   243 | D:2      | 243 ||| Stepping ~*~*~tactically~*~*~ (stealth).
   244 | D:2      | 244 ||| Stepping ~*~*~tactically~*~*~ (stealth).
   245 | D:2      | 245 ||| READING scroll labelled JEOCUE YSHROLAPN.
   253 | D:2      | 253 ||| DROPPING scroll of blinking.
   435 | D:1      | 435 ||| DROPPING +0 club.
   570 | D:1      | 570 ||| Stepping ~*~*~tactically~*~*~ (stealth).
   749 | D:1      | 749 ||| Stepping ~*~*~tactically~*~*~ (stealth).
   758 | D:1      | Reached XP level 3. HP: 20/21 MP: 7/7
   957 | D:1      | 957 ||| DROPPING +0 whip.
  1088 | D:1      | 1088 ||| UPGRADING to +0 ring mail.
  1098 | D:1      | 1098 ||| DROPPING +0 leather armour.
  1099 | D:1      | 1099 ||| READING scroll labelled FOATUO UKAIHO.
  1100 | D:1      | 1100 ||| READING scroll labelled ONUJAS RIOTA.
  1105 | D:1      | 1105 ||| READING scroll labelled QUROPE FIBUHOE.
  1127 | D:2      | Identified the +0 whip of Tartarus {holy, Int+2 Dex+2}
  1129 | D:2      | 1129 ||| DROPPING +0 whip of Tartarus {holy, Int+2 Dex+2}.
  1130 | D:2      | Found a faded altar of an unknown god.
  1160 | D:2      | HP: 5/21 [worm (10)]
  1162 | D:2      | HP: 1/21 [adder (2)]
  1162 | D:2      | Mangled by a worm

Levels and vault maps discovered:
D:1:      saegor_arrival_simple_d, layout_basic,
          nicolae_concentric_dashed_squares_mild, minivault_23
D:2:      layout_rooms, ebering_ecumenical_altar_mist, uniq_crazy_yiuf_cottage

Skill      XL: |  1  2 |
---------------+-------+-----
Axes           | 3 |  3.8
Fighting       | |  2.0
Throwing       | |  1.0
Armour         | |  1.1
Dodging        | |  2.1
Spellcasting   | |  2.0
Translocations | |  2.4

Action                   || total
-------------------------++-------
Melee: Hand axe          ||    50
       Kick              ||    11
       Peck              ||     6
       Punch             ||     1
Throw: Boomerang         ||    10
  Use: Scroll            ||     4
Armor: Leather armour    ||     9
       Ring mail         ||     1
Dodge: Dodged            ||    18

Table legend:
 A = Non-vault XP
 B = Vault XP
 C = Vault XP percentage of total XP
 D = Non-vault monster count
 E = Vault monster count
 F = Vault count percentage of total count
                 A         B        C        D         E       F
            +---------+---------+-------+---------+---------+-------
      Total |      37 |       0 |   0.0 |      23 |       0 |   0.0
            +---------+---------+-------+---------+---------+-------
        D:1 |      32 |       0 |   0.0 |      20 |       0 |   0.0
        D:2 |       5 |       0 |   0.0 |       3 |       0 |   0.0
            +---------+---------+-------+---------+---------+-------
